 Dungeon Crawl Stone Soup version 0.29-a0-819-g94b489e0ae (webtiles) character file.

Game seed: 16327314075352258722

17 Ayihk420 the Grave Robber (level 2, -3/15 HPs)
             Began as a Deep Elf Necromancer on July 7, 2022.
             Killed by a bolt of acid (18 damage)
             ... invoked by the enmity of Fedhas Madash
             ... on level 1 of the Dungeon.
             The game lasted 00:02:02 (787 turns).

Ayihk420 the Grave Robber (Deep Elf Necromancer)     Turns: 787, Time: 00:02:02

Health: -3/15      AC:  3    Str:  5    XL:     2   Next: 44%
Magic:  9/9        EV: 12    Int: 19    God:
Gold:   41         SH:  0    Dex: 15    Spells: 8/9 levels left

rFire   . . .      SeeInvis .   (no weapon)
rCold   . . .      Faith    .   (no shield)
rNeg    . . .      Spirit   .   a - +0 robe
rPois   .          Reflect  .   (no helmet)
rElec   .          Harm     .   g - +0 cloak
rCorr   .          Rampage  .   (no gloves)
Will    .....                   (no boots)
Stlth   ++........              (no amulet)
HPRegen 0.05/turn               (no ring)
MPRegen 0.11/turn               (no ring)

@: no status effects
A: no striking features
a: no special abilities


You were on level 1 of the Dungeon.
You visited 1 branch of the dungeon, and saw 1 of its levels.

You collected 41 gold pieces.

Inventory:

Armour
 a - a +0 robe (worn)
 g - a +0 cloak (worn)
Scrolls
 c - a scroll of identify {unknown}
 e - a scroll of immolation {unknown}
Potions
 b - a potion of magic
 d - 2 potions of degeneration {unknown}
 f - a potion of might {unknown}
 h - a potion of attraction {unknown}


   Skills:
 - Level 2.4 Dodging
 - Level 2.4 Stealth
 + Level 4.4 Spellcasting
 - Level 4.8 Necromancy


You had 8 spell levels left.
You knew the following spells:

 Your Spells              Type           Power      Damage    Failure   Level
a - Necrotise             Necr           88%        1d8       1%          1

Your spell library contained the following spells:

 Spells                   Type           Power      Damage    Failure   Level
 Vampiric Draining        Necr           22%        2d7       5%          3
 Animate Dead             Necr           22%        N/A       19%         4
 Agony                    Necr           22%        N/A       45%         5


Dungeon Overview and Level Annotations

Branches:
Dungeon (1/15)

Altars:
Fedhas


Message History

Found 12 gold pieces.
You can't see any susceptible monsters within range! (Use Z to cast anyway.)
A ball python is nearby!
You can't see any susceptible monsters within range! (Use Z to cast anyway.)
The ball python hisses angrily.
The ball python barely resists.
The ball python barely resists.
The ball python writhes in agony.
You kill the ball python!
Fedhas appreciates your contribution to the ecosystem.
The dead are slithering!
Really renounce your faith, foregoing its fabulous benefits?
Are you sure?
You have lost your religion!
Fedhas does not appreciate desertion!
The plants of the dungeon turn on you.
Your hobgoblin skeleton crumbles into dust!
You swap places.
You now have 41 gold pieces (gained 12).
A goblin comes into view. It is wielding a +0 dagger.
Found a black potion.
A goblin is nearby!
A bat comes into view.
The bat writhes in agony.
The bat writhes in agony.
You kill the bat!
The dead are flying!
The goblin writhes in agony.
You kill the goblin!
The dead are walking!
Your ball python skeleton crumbles into dust!
Your bat skeleton crumbles into dust!
You swap places.
h - a black potion You swap places.
Your goblin skeleton crumbles into dust!
Fedhas invokes nature against you. The bolt of acid hits you!!
Ouch! That really hurt!
You die...

#.......#. ####.......#.
#..........#. . #.....)....#. #.
#####..........#. ##.###
#..............#.
....###.####.#.......#.
.###.#.##...# #.##########
..[..#.##@..# #.##≈≈≈○≈≈≈≈
#.###........# #.#≈≈≈÷≈≈≈≈≈ .#
.............###.#○≈≈#≈☼≈≈# ..#
..##.....#......#≈≈≈≈≈≈≈≈≈ ..#
##..########.#≈≈≈≈≈≈≈≈≈ .
#..###..########.##########
....................#...+....<...
..#...#..###..#.###.#..##########
.........###..#.# #....#≈≈≈☼§≈≈≈≈


You could see the enmity of Fedhas Madash (unaware).

Vanquished Creatures
  An endoplasm (D:1)
  A giant cockroach (D:1)
  A goblin (D:1)
  2 hobgoblins (D:1)
  A quokka (D:1)
  2 ball pythons (D:1)
  5 bats (D:1)
  A frilled lizard (D:1)
  A kobold (D:1)
  3 rats (D:1)
18 creatures vanquished.

Vanquished Creatures (others)
  A fungus (D:1)
1 creature vanquished.

Grand Total: 19 creatures vanquished

Notes
Turn   | Place    | Note
-------+----------+-------------------------------------------
     0 | D:1      | Ayihk420 the Deep Elf Necromancer began the quest for the
                  | Orb.
     0 | D:1      | Reached XP level 1. HP: 10/10 MP: 6/6
   317 | D:1      | Reached XP level 2. HP: 15/15 MP: 3/9
   561 | D:1      | Found a faded altar of an unknown god.
   568 | D:1      | Prayed at the altar of an unknown god.
   568 | D:1      | Became a worshipper of Fedhas Madash
   568 | D:1      | Reached * piety under Fedhas
   711 | D:1      | Fell from the grace of Fedhas
   787 | D:1      | Killed by a bolt of acid

Illustrated notes

Levels and vault maps discovered:
D:1:      saegor_arrival_miasma, layout_basic,
          shapermc_ecumenical_altar_mp_urbaneastern

Skill      XL: |  1 |
---------------+----+-----
Spellcasting   | 4 |  4.4
Dodging        | |  2.4
Stealth        | |  2.4
Necromancy     | |  4.8

Action                   || total
-------------------------++-------
Melee: Unarmed           ||     8
 Cast: Necrotise         ||    28
Invok: Renounce Religion ||     1
Armor: Robe              ||     2
Dodge: Dodged            ||     3

Table legend: (Time is in decaauts)
 A = Elapsed time spent in this place.
 B = Non-inter-level travel time spent in this place.
 C = Inter-level travel time spent in this place.
 D = Time resting spent in this place.
 E = Time spent auto-exploring this place.
 F = Levels seen in this place.
 G = Mean time per level.
                   A        B        C        D        E       F      G
               +--------+--------+--------+--------+--------+-----+--------+
         Total |    787 |    787 |      0 |      0 |    679 |   1 |  787.0 |
       Dungeon |    787 |    787 |      0 |      0 |    679 |   1 |  787.0 |
               +--------+--------+--------+--------+--------+-----+--------+

Top non-repeatable levels by time:
     D:1: 787 daAuts
